 Dungeon Crawl Stone Soup version 0.26-a0-835-g8259106e14 (webtiles) character file.

Game seed: 1680040730103083527

2162 dickylongcocking the Spear-Bearer (level 9, -3/66 HPs)
             Began as a Merfolk Summoner on Nov 18, 2020.
             Was a Believer of Okawaru.
             Slain by an orc warrior
             ... wielding a +0 short sword of freezing
              (15 damage)
             ... on level 9 of the Dungeon.
             The game lasted 00:09:49 (8701 turns).

dickylongcocking the Spear-Bearer (MfSu)            Turns: 8701, Time: 00:09:49

Health: -3/66      AC: 16    Str:  8    XL:     9   Next: 32%
Magic:  12/12      EV: 13    Int: 23    God:    Okawaru [**....]
Gold:   592        SH:  0    Dex: 15    Spells: 6/12 levels left

rFire    . . .     SeeInvis .   m - +0 scythe
rCold    . . .     Faith    .   (shield currently unavailable)
rNeg     + . .     Spirit   .   e - +2 ring mail {rN+}
rPois    .         Reflect  .   A - +0 helmet
rElec    .         Harm     .   (no cloak)
rCorr    .         Rampage  .   o - +2 pair of gloves
MR       .....                  (no boots)
Stlth    +.........             y - amulet of inaccuracy (curse)
HPRegen  0.21/turn              j - +4 ring of protection
MPRegen  0.13/turn              i - +6 ring of intelligence

@: marked, slowed, studying Throwing, very slow
A: change form in water, swift swim, stealthy swim
a: Heroism, Renounce Religion


You were on level 9 of the Dungeon.
You worshipped Okawaru.
Okawaru was pleased with you.
You visited 2 branches of the dungeon, and saw 9 of its levels.

You collected 592 gold pieces.

Inventory:

Hand Weapons
 l - a +1 dagger of venom
 m - a +0 scythe (weapon)
Armour
 a - a +0 robe
 e - a +2 ring mail of positive energy (worn)
 o - a +2 pair of gloves (worn)
 A - a +0 helmet (worn)
Jewellery
 h - an uncursed amulet of faith {unknown}
 i - a +6 ring of intelligence (right hand)
 j - a +4 ring of protection (left hand)
 q - an uncursed ring of teleportation
 w - an uncursed amulet of magic regeneration
 y - a cursed amulet of inaccuracy (around neck)
 z - an uncursed ring of flight {unknown}
Wands
 s - a wand of polymorph (5)
 C - a wand of flame (46)
 D - a wand of random effects (14)
Scrolls
 c - 3 scrolls of identify
 n - 5 scrolls of enchant armour
 p - a scroll of amnesia
 x - a scroll of acquirement
 G - a scroll of holy word
Potions
 b - 4 potions of degeneration {unknown}
 d - a potion of berserk rage {unknown}
 g - a potion of brilliance {unknown}
 r - a potion of attraction
 t - a potion of cancellation {unknown}
 u - a potion of lignification {unknown}
 v - a potion of magic {unknown}
 B - a potion of heal wounds {unknown}
 E - a potion of flight {unknown}
Books
 F - a manual of Throwing


   Skills:
 * Level 4.4 Fighting
 * Level 10.1 Polearms
 * Level 5.4 Throwing
 - Level 4.5 Armour
 * Level 6.2 Dodging
 - Level 2.2 Stealth
 - Level 2.0 Spellcasting
 - Level 4.2 Summonings


You had 6 spell levels left.
You knew the following spells:

 Your Spells              Type           Power        Failure   Level
a - Summon Small Mammal   Summ           ###.         6%          1
b - Call Imp              Summ           ###.....     10%         2
c - Call Canine Familiar  Summ           ###.....     19%         3

Your spell library contained the following spells:

 Spells                   Type           Power        Failure   Level
 Apportation              Tloc           #.....       34%         1
 Summon Guardian Golem    Hex/Summ       ##......     41%         3
 Lesser Beckoning         Tloc           #.........   71%         3
 Tukima's Dance           Hex            #.......     71%         3
 Summon Ice Beast         Ice/Summ       ##......     83%         4
 Summon Lightning Spire   Summ/Air       ##......     83%         4
 Alistair's Intoxication  Tmut/Pois      #........    100%        5
 Invisibility             Hex            #.......     100%        6


Dungeon Overview and Level Annotations

Branches:
Dungeon (9/15)             Temple (1/1) D:5
   Lair: D:8-11         Orc: D:9-12

Altars:
Ashenzari
Cheibriados
Dithmenos
Elyvilon
Fedhas
Hepliaklqana
Kikubaaqudgha
Makhleb
Nemelex Xobeh
Okawaru
Qazlal
Ru
Sif Muna
Trog
Uskayaw
Vehumet
Xom
Yredelemnul
Zin
The Shining One

Shops:
D:8 }

Annotations:
D:5 2 runed translucent doors, whatsthevibe's ghost, weakling KoDe


Message History

Unknown command.
Unknown command.
Unknown command.
As you read the scroll of teleportation, it crumbles to dust.
You feel strangely unstable.
A centaur comes into view.
A troll comes into view.
Unknown command.
Your surroundings suddenly seem different.
The troll moves out of view.
Unknown command.
You feel a little less mighty now.
An orc priest comes into view. It is wielding a +0 vorpal flail.
Okay, then.
The orc priest calls upon Beogh to heal the orc warrior.
The orc warrior's wounds heal themselves!
A troll comes into view.
There is a stone staircase leading up here.
The orc warrior hits you with a +0 short sword of freezing!
You die...

#########
#...@...#
#.#o..)#.#
#..###)## #o##
##.# ######o#
#.# ##....y.##
##o#
.........###.##
##...........#
###...o.##.#.#


You could see an orc warrior, a killer bee and 2 orc priests.

Vanquished Creatures
  Pikel (D:8)
  Grum (D:8)
  An orc warrior (D:8)
  An ogre (D:6)
  A sky beast (D:6)
  A phantom (D:8)
  A wolf (D:8)
  A centaur (D:5)
  A lemure (D:8)
  A water moccasin skeleton (D:6)
  2 jellies
  A quasit (D:5)
  2 hounds
  An orc priest (D:9)
  A bullfrog skeleton (D:6)
  2 gnoll shamans
  An iguana (D:8)
  A worker ant (D:6)
  A hound skeleton (D:5)
  A worker ant zombie (D:8)
  6 gnolls
  3 adders
  A white imp (D:7)
  2 ufetubi
  An adder zombie (D:5)
  3 adder skeletons
  A worm (D:2)
  2 dart slugs
  A leopard gecko (D:1)
  15 orcs
  4 bats (D:2)
  2 hobgoblins (D:2)
  12 jackals
  4 frilled lizards
  2 jackal skeletons
  3 rats
85 creatures vanquished.

Vanquished Creatures (collateral kills)
  Sigmund (D:2)
  An ice beast (D:8)
  A black bear (D:7)
  A wolf (D:8)
  2 bullfrogs
  2 scorpions (D:8)
  An orc priest (D:7)
  A hound (D:4)
  An iguana (D:6)
  A worker ant (D:8)
  6 gnolls
  A howler monkey skeleton (D:7)
  An adder (D:2)
  An ooze (D:1)
  An adder skeleton (D:7)
  A dart slug (D:1)
  2 leopard geckos
  7 orcs
  A bat (D:1)
  A giant cockroach (D:4)
  2 goblins (D:2)
  2 hobgoblins
  6 jackals
  A quokka (D:8)
  A leopard gecko zombie (D:6)
  A quokka skeleton (D:8)
  2 rats (D:1)
49 creatures vanquished.

Vanquished Creatures (others)
  A fungus (D:9)
  A plant (D:9)
2 creatures vanquished.

Grand Total: 136 creatures vanquished

Notes
Turn   | Place    | Note
-------+----------+-------------------------------------------
     0 | D:1      | dickylongcocking the Merfolk Summoner began the quest for
                  | the Orb.
     0 | D:1      | Reached XP level 1. HP: 13/13 MP: 3/3
   616 | D:1      | Reached XP level 2. HP: 15/19 MP: 3/5
   776 | D:1      | Reached skill level 1 in Polearms
  1463 | D:1      | Learned a level 2 spell: Call Imp
  1485 | D:2      | Reached skill level 1 in Armour
  1651 | D:2      | Reached XP level 3. HP: 24/24 MP: 6/6
  1686 | D:2      | Reached skill level 2 in Polearms
  1777 | D:2      | Noticed Sigmund
  1815 | D:2      | Killed Sigmund
  1816 | D:2      | Reached skill level 4 in Polearms
  1816 | D:2      | Reached XP level 4. HP: 24/30 MP: 1/7
  2022 | D:2      | Reached XP level 5. HP: 32/35 MP: 8/8
  2202 | D:2      | You fall into a shaft and drop 2 floors!
  2905 | D:4      | Found a hide-covered altar of Uskayaw.
  2990 | D:4      | Reached skill level 5 in Polearms
  3001 | D:4      | Reached XP level 6. HP: 20/41 MP: 1/9
  3251 | D:5      | Entered Level 5 of the Dungeon
  3275 | D:5      | Reached skill level 6 in Polearms
  3494 | D:5      | Found a staircase to the Ecumenical Temple.
  3527 | D:5      | Found a runed translucent door.
  3555 | Temple   | Entered the Ecumenical Temple
  3696 | Temple   | Became a worshipper of Warmaster Okawaru
  3772 | D:5      | Noticed whatsthevibe's ghost (weakling KoDe)
  4177 | D:5      | Found a runed translucent door.
  4406 | D:6      | Reached XP level 7. HP: 43/46 MP: 10/10
  4740 | D:6      | Identified a scroll of acquirement
  4749 | D:6      | Reached skill level 7 in Polearms
  4792 | D:6      | Found a burning altar of Makhleb.
  4868 | D:6      | Learned a level 3 spell: Call Canine Familiar
  5060 | D:7      | Reached skill level 8 in Polearms
  5221 | D:7      | Found a blossoming altar of Fedhas.
  6026 | D:7      | Found a shimmering blue altar of Sif Muna.
  6027 | D:7      | Found a blossoming altar of Fedhas.
  6175 | D:8      | Reached XP level 8. HP: 53/53 MP: 11/11
  6189 | D:8      | Reached skill level 1 in Fighting
  6198 | D:8      | Reached * piety under Okawaru
  6530 | D:8      | Noticed Grum
  6543 | D:8      | Reached skill level 1 in Throwing
  6543 | D:8      | Killed Grum
  6544 | D:8      | Reached skill level 9 in Polearms
  7624 | D:8      | Found Bewukeim's Gadget Shoppe.
  7734 | D:8      | Noticed Pikel
  7744 | D:8      | Killed Pikel
  7744 | D:8      | Reached ** piety under Okawaru
  7745 | D:8      | Reached skill level 5 in Dodging
  7745 | D:8      | Reached XP level 9. HP: 63/65 MP: 6/12
  7782 | D:8      | Reached skill level 10 in Polearms
  7782 | D:8      | Reached skill level 5 in Throwing
  8661 | D:9      | HP: 3/66 [orc warrior/+0 short sword of freezing (6)]
  8693 | D:9      | Noticed a troll
  8698 | D:9      | Noticed a troll
  8701 | D:9      | Slain by an orc warrior

Illustrated notes

Levels and vault maps discovered:
D:1:      dpeg_arrival_shrine, layout_loops_corners, moated_statue
D:2:      layout_basic, uniq_sigmund
D:4:      layout_basic, kennysheep_little_box
D:5:      layout_layer_cave, minmay_temple_entry_junction, ebering_ghost_sewer_f
D:6:      layout_rooms, lemuel_crystal_altar
D:7:      layout_basic, gammafunk_temple_overflow_pools, fedhas_altar_2
D:8:      layout_cave_pods, serial_shops, shop, minmay_checkerbox, uniq_pikel,
          uniq_grum
D:9:      layout_loops_ring, nicolae_gozag_cash_rules_everything_around_me,
          kennysheep_mini_moat, gammafunk_ghost_nasty_kobolds, minivault_23
Temple:   regret_index_temple_sphere_string

Skill      XL: |  1  2  3  4  5  6  7  8  9 |
---------------+----------------------------+-----
Polearms       | 1 4 5 6 8 9 10 | 10.1
Armour         | 1 2 3 4 |  4.5
Dodging        | 3 5 6 |  6.2
Fighting       | 4 |  4.4
Throwing       | 4 5 |  5.4
Stealth        | |  2.2
Spellcasting   | |  2.0
Summonings     | |  4.2

Action                   |  1- 3 |  4- 6 |  7- 9 || total
-------------------------+-------+-------+-------++-------
Melee: Unarmed           |    59 |       |       ||    59
       Dagger            |    31 |       |       ||    31
       Scythe            |       |   130 |   308 ||   438
 Cast: Summon Small Mamm |    30 |     1 |       ||    31
       Call Imp          |     4 |    17 |    16 ||    37
       Call Canine Famil |       |       |    17 ||    17
Evoke: Wand              |       |       |    11 ||    11
  Use: Potion            |     2 |       |     5 ||     7
       Scroll            |       |     6 |     7 ||    13
 Stab: Distracted        |     1 |     2 |       ||     3
       Sleeping          |       |     1 |     1 ||     2
Armor: Ring mail         |    49 |   118 |   312 ||   479
       Robe              |     1 |       |       ||     1
Dodge: Dodged            |    82 |   140 |   372 ||   594

Table legend: (Time is in decaauts)
 A = Elapsed time spent in this place.
 B = Non-inter-level travel time spent in this place.
 C = Inter-level travel time spent in this place.
 D = Time resting spent in this place.
 E = Time spent auto-exploring this place.
 F = Levels seen in this place.
 G = Mean time per level.
                   A        B        C        D        E       F      G
               +--------+--------+--------+--------+--------+-----+--------+
         Total |   8974 |   8780 |    194 |   1422 |   5607 |   9 |  997.1 |
       Dungeon |   8805 |   8638 |    167 |   1422 |   5473 |   8 | 1100.6 |
        Temple |    169 |    142 |     27 |      0 |    134 |   1 |  169.0 |
               +--------+--------+--------+--------+--------+-----+--------+

Top non-repeatable levels by time:
     D:8: 2235 daAuts
     D:7: 1525 daAuts
     D:1: 1428 daAuts
     D:4: 1087 daAuts
     D:5: 860 daAuts
     D:2: 799 daAuts
     D:6: 775 daAuts
  Temple: 169 daAuts
     D:9: 92 daAuts
